 Dungeon Crawl Stone Soup version 0.19.0-19-g8c6edcc (webtiles) character file.

5551 Melicamp the Grappler (level 10, -4/96 HPs)
             Began as a Troll Transmuter on Nov 13, 2016.
             Was a Priest of Cheibriados.
             Slain by Harold
             ... wielding a +0 dire flail
              (8 damage)
             ... on level 10 of the Dungeon.
             The game lasted 01:27:03 (8999 turns).

Melicamp the Grappler (Troll Transmuter)            Turns: 8999, Time: 01:27:03

Health: -4/96      AC: 11    Str: 27    XL:     10   Next: 44%
Magic:  13/13      EV: 10    Int: 19    God:    Cheibriados [***...]
Gold:   387        SH:  0    Dex: 17    Spells: 3 memorised, 7 levels left

rFire  . . .     SeeInvis .       - Unarmed
rCold  . . .     Gourm    +     t - +0 robe
rNeg   . . .     Faith    .     (no shield)
rPois  +         Spirit   .     (helmet restricted)
rElec  .         Reflect  .     D - +2 cloak {rPois}
rCorr  .         Harm     .     (gloves unavailable)
MR     +....                    (boots unavailable)
Stlth  ++........               (no amulet)
                                m - ring of protection from magic
                                i - +3 ring of protection

@: appendage, very slow
A: unfitting armour, claws 3, talons 3, fast metabolism 3, gourmand,
regeneration 1, shaggy fur 1, tough skin 2
a: End Transformation, Bend Time, Temporal Distortion, Renounce Religion


You were on level 10 of the Dungeon.
You worshipped Cheibriados.
Cheibriados was most pleased with you.
You were completely stuffed.
You had grown temporary talons.
You visited 2 branches of the dungeon, and saw 12 of its levels.

You collected 425 gold pieces.
You spent 38 gold pieces at shops.

Inventory:

Missiles
 G - 22 arrows
Armour
 t - a +0 robe (worn)
 D - a +2 cloak of poison resistance (worn)
Jewellery
 h - a +3 ring of protection
 i - a +3 ring of protection (left claw)
 m - a ring of protection from magic (right claw)
 M - an uncursed ring of wizardry
Wands
 g - a wand of polymorph (10/24)
 F - a wand of paralysis (5/24)
 H - a wand of enslavement (16/24)
 L - a wand of acid (4/15)
Scrolls
 e - 4 scrolls of enchant armour
 j - 3 scrolls of enchant weapon
 n - 3 scrolls of magic mapping
 p - 2 scrolls of recharging
 y - 4 scrolls of remove curse
Potions
 b - 5 potions of curing
 l - 2 potions of flight
 q - a potion of agility
 r - 2 potions of lignification
 u - a potion of magic
 v - 2 potions of cancellation
 w - 2 potions of might
 x - a potion of brilliance {unknown}
 z - a potion of mutation {unknown}
 A - 2 potions of ambrosia
 B - 2 potions of heal wounds {unknown}
 J - a potion of degeneration {unknown}
 K - a potion of resistance {unknown}
Books
 c - a book of Changes

   Spells                             Type                      Level
   a - Beastly Appendage              Transmutation                1
   b - Sticks to Snakes               Transmutation                2
   c - Spider Form                    Transmutation/Poison         3
   d - Ice Form                       Ice/Transmutation            4
   e - Blade Hands                    Transmutation                5
 E - a book of Minor Magic

   Spells                             Type                      Level
   a - Magic Dart                     Conjuration                  1
   b - Blink                          Translocation                2
   c - Call Imp                       Summoning                    2
   d - Repel Missiles                 Charms/Air                   2
   e - Slow                           Hexes                        2
   f - Conjure Flame                  Conjuration/Fire             3
   g - Mephitic Cloud                 Conjuration/Poison/Air       3
 I - a book of Flames

   Spells                             Type                      Level
   a - Flame Tongue                   Conjuration/Fire             1
   b - Throw Flame                    Conjuration/Fire             2
   c - Conjure Flame                  Conjuration/Fire             3
   d - Inner Flame                    Hexes/Fire                   3
   e - Sticky Flame                   Conjuration/Fire             4
   f - Fireball                       Conjuration/Fire             5
Comestibles
 a - 2 slices of pizza
 d - 7 bread rations
 f - 2 fruits
 k - 5 meat rations
 s - 3 beef jerkies


   Skills:
 - Level 5.0 Fighting
 - Level 1.5 Dodging
 - Level 10.0 Unarmed Combat
 + Level 2.7 Spellcasting
 * Level 7.9 Transmutations


You had 7 spell levels left.
You knew the following spells:

 Your Spells              Type           Power        Failure   Level  Hunger
a - Beastly Appendage     Tmut           ####..       1%          1    None
b - Ice Form              Ice/Tmut       ###.....     34%         4    ####...
c - Blink                 Tloc           N/A          24%         2    ##.....


Dungeon Overview and Level Annotations

Branches:
Dungeon (11/15)            Temple (1/1) D:5            Lair (0/6) D:9
    Orc (0/2) D:9

Altars:
Ashenzari
Cheibriados
Dithmenos
Elyvilon
Fedhas
Gozag
Hepliaklqana
Kikubaaqudgha
Makhleb
Nemelex Xobeh
Okawaru
Qazlal
Ru
Sif Muna
Trog
Uskayaw
Vehumet
Xom
Yredelemnul
Zin
The Shining One

Shops:
D:6 ?

Annotations:
D:10 Harold
D:11 Gastronok


Innate Abilities, Weirdness & Mutations

You are too large for most types of armour.
You have claws for hands.
Your metabolism is lightning-fast.
You like to eat raw meat.
Your natural rate of healing is unusually fast.
You are covered in fur. (AC +1)
You have very tough skin. (AC +2)
You have claws for feet.


Message History

The bolt of fire hits you!
* * * LOW HITPOINT WARNING * * *
You closely miss Harold. You claw Harold, but do no damage.
Harold is moderately wounded.
Harold hits you with a dire flail!
* * * LOW HITPOINT WARNING * * *
You scratch Harold. You claw Harold, but do no damage. x2
Harold is heavily wounded.
Harold misses you.
You barely miss Harold. Your kick misses Harold.
Harold is heavily wounded.
You scratch Harold. You claw Harold, but do no damage.
Harold is heavily wounded.
Harold hits you with a dire flail!
* * * LOW HITPOINT WARNING * * *
Unknown command.
As you read the scroll of fear, it crumbles to dust.
You assume a fearsome visage.
Harold resists with some effort.
Harold hits you with a dire flail!
You die...

.................................
.#################..############.
.#################..############.
.................................
.................................
.................................
...............>.................
.................................
...............@@......##########
.......................#
.......................#
.......................##########
.................................
.................................
##########.>..................###
...............................))
.........................).....))


You could see Harold.

Vanquished Creatures
  Erica (D:8)
  An elephant (D:9)
  Maurice (D:8)
  Prince Ribbit (D:6)
  A hippogriff (D:7)
  4 yaks
  Eustachio (D:4)
  A black bear (D:8)
  3 ice beasts
  2 phantoms (D:7)
  2 ogres
  2 centaurs
  3 crocodiles (D:9)
  The ghost of Haldmier the Slasher, an amateur HESk (D:3)
  4 bullfrogs
  A big kobold (D:7)
  2 gnoll sergeants
  3 scorpions
  5 killer bees (D:9)
  2 howler monkeys
  3 crimson imps
  2 jellies
  A bullfrog zombie (D:10)
  A centaur skeleton (D:8)
  2 hounds
  2 orc priests
  4 orc wizards
  Crazy Yiuf (D:3)
  A bullfrog skeleton (D:6)
  Ijyb (D:2)
  5 iguanas
  4 worker ants
  A howler monkey zombie (D:9)
  3 worker ant zombies
  9 gnolls
  9 adders
  A shadow imp (D:8)
  An adder skeleton (D:6)
  A worm (D:4)
  2 dart slugs
  7 leopard geckos
  19 orcs
  2 ball pythons
  11 bats
  7 giant cockroaches
  5 goblins
  7 hobgoblins
  8 jackals
  6 quokkas
  3 frilled lizards
  13 kobolds
  7 rats
  2 plants (D:1)
192 creatures vanquished.

Vanquished Creatures (others)
  8 bushes (D:7)
8 creatures vanquished.

Grand Total: 200 creatures vanquished

Notes
Turn   | Place    | Note
-------+----------+-------------------------------------------
     0 | D:1      | Melicamp the Troll Transmuter began the quest for the Orb.
     0 | D:1      | Reached XP level 1. HP: 18/18 MP: 1/1
   116 | D:1      | Reached skill level 1 in Fighting
   233 | D:1      | Reached XP level 2. HP: 27/27 MP: 2/2
   911 | D:1      | You fall through a shaft!
   930 | D:2      | Noticed Ijyb
   938 | D:2      | Killed Ijyb
   938 | D:2      | Reached XP level 3. HP: 29/36 MP: 1/3
  1429 | D:1      | Reached XP level 4. HP: 39/44 MP: 4/4
  2321 | D:3      | Reached XP level 5. HP: 49/53 MP: 3/5
  2359 | D:3      | Noticed Haldmier's ghost (amateur HESk)
  2376 | D:3      | Killed Haldmier's ghost
  2571 | D:3      | Found a runed door.
  2667 | D:3      | Reached skill level 4 in Unarmed Combat
  2720 | D:3      | Reached XP level 6. HP: 63/63 MP: 4/6
  2921 | D:3      | Noticed Crazy Yiuf
  2929 | D:3      | Killed Crazy Yiuf
  3295 | D:4      | Noticed Eustachio
  3317 | D:4      | Killed Eustachio
  3317 | D:4      | Reached skill level 5 in Unarmed Combat
  3531 | D:4      | Found a radiant altar of Vehumet.
  3794 | D:4      | You fall through a shaft for 3 floors!
  3818 | D:6      | Reached XP level 7. HP: 58/71 MP: 5/7
  3897 | D:6      | Reached skill level 5 in Fighting
  3897 | D:6      | Reached skill level 6 in Unarmed Combat
  4066 | D:5      | Entered Level 5 of the Dungeon
  4131 | D:5      | Found a staircase to the Ecumenical Temple.
  4149 | Temple   | Entered the Ecumenical Temple
  4564 | Temple   | Became a worshipper of Cheibriados the Contemplative
  4584 | Temple   | Learned a level 4 spell: Ice Form
  5273 | D:4      | Found a hazy altar of Hepliaklqana.
  5349 | D:5      | Reached skill level 7 in Unarmed Combat
  5537 | D:6      | Reached XP level 8. HP: 75/80 MP: 8/8
  5646 | D:6      | Noticed Prince Ribbit
  5655 | D:6      | Killed Prince Ribbit
  5655 | D:6      | Reached skill level 8 in Unarmed Combat
  5842 | D:6      | Found Wotizxoe's Magic Scroll Shop.
  5849 | D:6      | Bought a scroll of magic mapping for 38 gold pieces
  5955 | D:7      | Reached skill level 9 in Unarmed Combat
  6017 | D:7      | Reached * piety under Cheibriados
  6262 | D:7      | Reached skill level 10 in Unarmed Combat
  6357 | D:7      | Noticed a hippogriff
  6364 | D:7      | Killed a hippogriff
  6364 | D:7      | Reached XP level 9. HP: 79/88 MP: 7/9
  6899 | D:8      | Noticed Maurice
  6904 | D:8      | Paralysed by Maurice for 2 turns
  6924 | D:8      | Killed Maurice
  6973 | D:8      | Noticed Erica
  6982 | D:8      | Killed Erica
  7025 | D:8      | Learned a level 2 spell: Blink
  7042 | D:8      | Found an iron altar of Okawaru.
  7047 | D:8      | Found a shattered altar of Ashenzari.
  7059 | D:8      | Found a glowing golden altar of the Shining One.
  7168 | D:8      | Reached ** piety under Cheibriados
  7276 | D:9      | Found a staircase to the Orcish Mines.
  7335 | D:9      | Noticed an elephant
  7344 | D:9      | Killed an elephant
  7344 | D:9      | Reached XP level 10. HP: 66/96 MP: 11/11
  7554 | D:9      | Found a staircase to the Lair.
  7973 | D:10     | Entered Level 10 of the Dungeon
  7976 | D:10     | Reached *** piety under Cheibriados
  8867 | D:11     | Noticed Harold
  8871 | D:11     | Noticed Gastronok
  8998 | D:10     | HP: 3/96 [Harold/dire flail (13)]
  8999 | D:10     | Slain by Harold

Skill      XL: |  1  2  3  4  5  6  7  8  9 10 |
---------------+-------------------------------+-----
Fighting       | 1 2 3 4 5 |  5.0
Unarmed Combat | 4 5 7 10 | 10.0
Transmutations | 2 6 7 |  7.9
Spellcasting   | 2 |  2.7
Dodging        | |  1.5

Action                   |  1- 3 |  4- 6 |  7- 9 | 10-12 || total
-------------------------+-------+-------+-------+-------++-------
Melee: Unarmed           |   109 |   185 |   242 |   113 ||   649
       Punch             |       |     4 |     6 |     5 ||    15
       Headbutt          |       |     1 |     4 |     7 ||    12
       Kick              |       |     5 |    24 |    13 ||    42
 Cast: Beastly Appendage |     1 |    12 |    13 |    10 ||    36
Invok: Bend Time         |       |       |     1 |       ||     1
Evoke: Wand              |       |       |     1 |     1 ||     2
  Use: Scroll            |     3 |    11 |     8 |     3 ||    25
       Potion            |       |       |     4 |     1 ||     5
 Stab: Sleeping          |       |       |     1 |       ||     1
  Eat: Chunk             |    11 |    21 |    35 |    10 ||    77
       Bread ration      |       |     1 |       |       ||     1
Armor: Skin              |    28 |    44 |     2 |    46 ||   120
       Robe              |       |    40 |   117 |    50 ||   207
Dodge: Dodged            |    28 |   106 |   115 |    54 ||   303
